 Dungeon Crawl Stone Soup version 0.30.0-5-g1a98f26d00 (webtiles) character file.

Game seed: 12488035026618997774

147 SnakkuSnakku7 the Insei (level 5, 0/40 HPs)
             Began as a Vampire Hedge Wizard on May 12, 2023.
             Slain by an ice beast (1 damage)
             ... on level 4 of the Dungeon.
             The game lasted 00:03:09 (1771 turns).

SnakkuSnakku7 the Insei (Vampire Hedge Wizard)      Turns: 1771, Time: 00:03:09

Health: 0/40       AC:  6    Str: 11    XL:     5   Next: 7%
Magic:  9/9        EV: 10    Int: 22    God:
Gold:   115        SH:  0    Dex: 14    Spells: 9/10 levels left

rFire   + . .        a - +3 flail "Vampire's Regret" {freeze, rF+ rCorr}
rCold   . . .        (no shield)
rNeg    . . .        r - +0 ring mail
rPois   .            c - +0 hat
rElec   .            h - +0 cloak
rCorr   +            (no gloves)
SInv    +            (no boots)
Will    .....        (no amulet)
Stlth   ++           f - +6 ring of intelligence
HPRegen 0.46/turn    (no ring)
MPRegen 0.11/turn

%: no passive effects
@: healing quickly
A: alive, fangs 3, see invisible, vampiric 2
a: Exsanguinate


You were on level 4 of the Dungeon.
You visited 1 branch of the dungeon, and saw 4 of its levels.

You collected 115 gold pieces.

Inventory:

Hand Weapons
 a - the +3 flail "Vampire's Regret" (weapon) {freeze, rF+ rCorr}
   (You found it on level 3 of the Dungeon)

   rF:        It protects you from fire.
   rCorr:     It protects you from acid and corrosion.
 u - a +2 dagger of venom
 v - a +0 dagger
Missiles
 s - 6 javelins (quivered)
Armour
 b - a +0 robe
 c - a +0 hat (worn)
 h - a +0 cloak (worn)
 k - a +0 scale mail
 r - a +0 ring mail (worn)
Jewellery
 f - a +6 ring of intelligence (left hand)
 q - a ring of positive energy
Wands
 w - a wand of quicksilver (7)
Scrolls
 i - 10 scrolls of identify {unknown}
 j - 2 scrolls of noise {unknown}
 l - a scroll of immolation {unknown}
 o - a scroll of fog {unknown}
Potions
 d - a potion of magic
 e - 2 potions of curing {unknown}
 g - a potion of attraction {unknown}
 m - a potion of might {unknown}
 n - a potion of mutation {unknown}
 p - 2 potions of heal wounds {unknown}
 t - 2 potions of flight {unknown}


   Skills:
 + Level 2.9 Fighting
 + Level 0.9 Maces & Flails
 - Level 2.1 Dodging
 - Level 3.0 Stealth
 - Level 3.2 Unarmed Combat
 - Level 3.0 Spellcasting
 - Level 0.6 Conjurations
 - Level 1.0 Summonings
 - Level 0.7 Translocations


You had 9 spell levels left.
You knew the following spells:

 Your Spells              Type           Power      Damage    Failure   Level
a - Magic Dart            Conj           20%        1d4       24%         1

Your spell library contained the following spells:

 Spells                   Type           Power      Damage    Failure   Level
 Slow                     Hex            12%        N/A       30%         1
 Call Imp                 Summ           14%        N/A       30%         2
 Blink                    Tloc           12%        N/A       34%         2
 Cigotuvi's Dreadful Rot  Necr/Pois/Air  6%         N/A       41%         2
 Mephitic Cloud           Conj/Pois/Air  4%         N/A       63%         3
 Simulacrum               Ice/Necr       1%         N/A       100%        6
 Ozocubu's Refrigeration  Ice            1%         4d7       100%        7
 Polar Vortex             Ice            1%         N/A       100%        9


Dungeon Overview and Level Annotations

Branches:
Dungeon (4/15)
 Temple: D:4-7

Altars:

Annotations:
D:3 Grinder


Innate Abilities, Weirdness & Mutations

Your natural rate of healing is accelerated.
You have razor-sharp teeth.
You have supernaturally acute eyesight. (SInv)
You are afflicted with vampirism and can become a bat while bloodless.


Message History

The adder bites you. The adder barely misses you.
You sock the adder!
The adder seems to slow down.
You freeze the adder.
You kill the adder!
The ice beast hits you. The ice beast freezes you!
You barely miss the ice beast.
The ice beast hits you but does no damage.
You hit the ice beast.
The ice beast is lightly wounded.
The ice beast hits you but does no damage.
You closely miss the ice beast. You bite the ice beast.
The ice beast is lightly wounded.
The ice beast barely misses you.
The ice beast hits you but does no damage.
You hit the ice beast. Your bite misses the ice beast.
The ice beast is lightly wounded.
The ice beast hits you but does no damage.
You sock the ice beast!
The ice beast is heavily wounded.
The ice beast hits you but does no damage.
You hit the ice beast.
The ice beast is heavily wounded.
The ice beast hits you but does no damage.
The ice beast barely misses you.
You barely miss the ice beast.
The ice beast is heavily wounded.
The ice beast hits you but does no damage.
You barely miss the ice beast.
The ice beast is heavily wounded.
The ice beast hits you. The ice beast freezes you! The ice beast hits you.
The ice beast freezes you!
* * * LOW HITPOINT WARNING * * *
You are too injured to fight recklessly!
You are too injured to fight recklessly!
Aiming: Quicksilver Bolt
Press: ? - help, Shift-Dir - straight line, f - ice beast
Aim: an ice beast (heavily wounded, 71% to hit)
The bolt of dispelling energy hits the ice beast!
The ice beast is almost dead.
The ice beast hits you.
You die...

.. ##..........#.#. ...
##............... .....
##............##..
.....###.....##.Y........
......#...)####.......#.#
..........## ##.........
..........# ###.....##..
.........#####.....#.....
........@###.......###.#.
####..Y##.....#...# .#.
##...†..#####..# .
##.<.### #..# .. #..##
#..# . #..# #..# #..#
##.. #... ....


You could see an ice beast.

Vanquished Creatures
  An iguana (D:4)
  2 orc wizards (D:3)
  3 adders
  A dart slug (D:1)
  2 orcs
  3 ball pythons
  5 endoplasms
  A giant cockroach (D:3)
  2 goblins
  4 hobgoblins
  2 jackals (D:1)
  2 kobolds
  A quokka (D:1)
  4 bats
  2 frilled lizards (D:2)
  5 rats
40 creatures vanquished.

Notes
Turn   | Place    | Note
-------+----------+-------------------------------------------
     0 | D:1      | SnakkuSnakku7 the Vampire Hedge Wizard began the quest for
                  | the Orb.
     0 | D:1      | Reached XP level 1. HP: 13/13 MP: 4/4
    51 | D:1      | Reached skill level 1 in Unarmed Combat
   123 | D:1      | Reached skill level 1 in Fighting
   123 | D:1      | Reached XP level 2. HP: 15/21 MP: 6/6
   765 | D:2      | Gained mutation: You are afflicted with vampirism and can
                  | become a bat while bloodless. [Vampire growth]
   765 | D:2      | Reached XP level 3. HP: 21/26 MP: 7/7
  1591 | D:3      | Reached XP level 4. HP: 32/34 MP: 8/8
  1638 | D:3      | Identified the +3 flail "Vampire's Regret" {freeze, rF+
                  | rCorr}
  1663 | D:3      | Noticed Grinder
  1663 | D:3      | Paralysed by Grinder for 3 turns
  1725 | D:4      | Reached XP level 5. HP: 40/40 MP: 9/9
  1742 | D:4      | Noticed an ice beast
  1770 | D:4      | HP: 1/40 [ice beast (13)]
  1771 | D:4      | Slain by an ice beast

Illustrated notes

Levels and vault maps discovered:
D:1:      mrwooster_arrival_statue, layout_loops_cross
D:2:      minmay_wonky_spiral, layout_basic
D:3:      layout_basic, uniq_grinder
D:4:      nicolae_cairo_tiling_large_dashed, layout_layer_cave

Skill      XL: |  1  2  3  4 |
---------------+-------------+-----
Unarmed Combat | 1 2 3 |  3.2
Fighting       | 1 2 |  2.9
Maces & Flails | |  0.9
Dodging        | |  2.1
Stealth        | |  3.0
Spellcasting   | |  3.0
Conjurations   | |  0.6
Summonings     | |  1.0
Translocations | |  0.7

Action                     |  1- 3 |  4- 6 || total
---------------------------+-------+-------++-------
  Melee: Dagger            |   118 |    10 ||   128
         Bite              |     9 |     2 ||    11
         Punch             |     2 |       ||     2
         Flail             |       |    16 ||    16
  Throw: Javelin           |     5 |       ||     5
  Evoke: Wand              |       |     1 ||     1
   Stab: Sleeping          |     3 |       ||     3
 Armour: Robe              |    21 |       ||    21
         Ring mail         |     4 |    11 ||    15
  Dodge: Dodged            |    93 |    13 ||   106
